 Dungeon Crawl Stone Soup version 0.24.0-1-gfbc8707 (webtiles) character file.

Game seed: 12937014442148612407, levelgen mode: deterministic

433983 Faca the Tortoise (level 23, -5/144 HPs)
             Began as a Gnoll Wanderer on Oct 31, 2019.
             Was a High Priest of Uskayaw.
             Slain by a hellephant (27 damage)
             ... on level 3 of the Abyss.
             The game lasted 02:32:11 (51767 turns).

Faca the Tortoise (Gnoll Wanderer)                 Turns: 51767, Time: 02:32:12

Health: -5/144     AC: 31    Str: 28    XL:     23   Next: 62%
Magic:  42/42      EV: 23    Int: 15    God:    Uskayaw [*****.]
Gold:   2586       SH: 16    Dex: 20    Spells: 51/52 levels left

rFire    . . .     SeeInvis .   I - +7 rapier of Fragile Peace {pierce, rN++ Dex+7}
rCold    + . .     Gourm    .   S - +1 shield {reflect}
rNeg     + + .     Faith    +   Q - +6 plate armour of Vexation {Str+3 Slay+2}
rPois    .         Spirit   .   o - +0 helmet
rElec    +         Reflect  +   M - +1 cloak of Starlight {rElec rC+ EV+4 Stlth--}
rCorr    .         Harm     .   T - +0 pair of gloves {Str+3}
MR       ++...     Rnd*Rage +   k - +0 pair of boots
Stlth    ..........             W - amulet of faith
HPRegen  0.00/turn              B - ring of protection from magic
MPRegen  0.28/turn              G - +5 ring of slaying

@: about to teleport, very slightly contaminated, studying Dodging
A: distributed training, fangs 1, [berserk 1], [clumsy 2], [frail 2], [inhibited
regeneration], [subdued magic 1], strong nose
}: 3/15 runes: serpentine, barnacled, abyssal
a: Stomp, Line Pass, Grand Finale, Renounce Religion


You were on level 3 of the Abyss.
You worshipped Uskayaw.
Uskayaw was most pleased with you.
You were hungry.

You visited 8 branches of the dungeon, and saw 40 of its levels.
You visited the Abyss 1 time.
You also visited: Volcano.

You collected 4296 gold pieces.
You spent 1710 gold pieces at shops.

Inventory:

Hand Weapons
 w - the +8 rapier "Eqeguiqe" {drain, rElec Int+4}
   (You found it on level 2 of the Vaults)

   A truly terrible weapon, it drains the life of those it strikes.
   It affects your intelligence (+4).
   It insulates you from electricity.
 I - the +7 rapier of Fragile Peace (weapon) {pierce, rN++ Dex+7}
   (You found it on level 3 of the Lair of Beasts)

   It inflicts extra damage upon your enemies.
   It affects your dexterity (+7).
   It greatly protects you from negative energy.
Missiles
 x - 72 boomerangs (quivered)
 O - 6 throwing nets
Armour
 k - a +0 pair of boots (worn)
 o - a +0 helmet (worn)
 u - +0 gold dragon scales
 H - a +4 chain mail of magic resistance
 M - the +1 cloak of Starlight (worn) {rElec rC+ EV+4 Stlth--}
   (You found it on level 2 of the Depths)

   It affects your evasion (+4).
   It protects you from cold.
   It insulates you from electricity.
   It makes you much less stealthy.
 Q - the +6 plate armour of Vexation (worn) {Str+3 Slay+2}
   (You found it on level 5 of the Lair of Beasts)

   It affects your strength (+3).
   It affects your accuracy and damage with ranged weapons and melee attacks
   (+2).
 S - a +1 shield of reflection (worn)
 T - a +0 pair of gloves of strength (worn)
 X - a +0 large shield
Jewellery
 b - the ring of Hiclaeno {-Tele rPois rC+ EV+5 Dex+5}
   (You found it on level 15 of the Dungeon)

   [ring of evasion]

   It affects your evasion (+5).
   It affects your dexterity (+5).
   It protects you from cold.
   It protects you from poison.
   It prevents most forms of teleportation.
 f - an uncursed ring of resist corrosion
 B - a ring of protection from magic (left hand)
 G - a +5 ring of slaying (right hand)
 W - an amulet of faith (around neck)
Wands
 D - a wand of acid (34)
 E - a wand of digging (7)
Scrolls
 a - a scroll of brand weapon
 c - 2 scrolls of silence
 e - 4 scrolls of fog
 g - 5 scrolls of fear
 i - 13 scrolls of remove curse
 p - 3 scrolls of identify
 y - 7 scrolls of enchant armour
 K - 8 scrolls of enchant weapon
 L - 3 scrolls of magic mapping
 R - 3 scrolls of blinking
 U - 14 scrolls of teleportation
 Y - 3 scrolls of summoning
 Z - 3 scrolls of immolation
Potions
 h - 4 potions of mutation
 j - 5 potions of brilliance
 l - 9 potions of lignification
 m - 6 potions of haste
 q - 6 potions of might
 r - 5 potions of curing
 s - 6 potions of agility
 t - 4 potions of ambrosia
 v - 2 potions of resistance
 z - 3 potions of flight
 A - 4 potions of berserk rage
 J - a potion of invisibility
 N - 3 potions of cancellation
Books
 n - a manual of Dodging
Comestibles
 d - 77 rations


   Skills:
 + Level 15.0 Fighting
 + Level 15.0 Short Blades
 + Level 15.0 Long Blades
 + Level 15.0 Axes
 + Level 15.2 Maces & Flails
 + Level 15.0 Polearms
 + Level 15.0 Staves
 + Level 15.0 Slings
 + Level 15.0 Bows
 + Level 15.0 Crossbows
 + Level 15.2 Throwing
 + Level 16.7 Armour
 + Level 15.7 Dodging
 + Level 15.0 Stealth
 + Level 15.0 Shields
 + Level 15.0 Unarmed Combat
 + Level 15.2 Spellcasting
 + Level 13.1 Conjurations
 + Level 12.9 Hexes
 + Level 12.9 Charms
 + Level 12.9 Summonings
 + Level 12.9 Necromancy
 + Level 12.9 Translocations
 + Level 13.1 Transmutations
 + Level 12.9 Fire Magic
 + Level 12.9 Ice Magic
 + Level 12.9 Air Magic
 + Level 12.9 Earth Magic
 + Level 12.9 Poison Magic
 + Level 16.2 Invocations
 + Level 15.2 Evocations


You had 51 spell levels left.
You knew the following spells:

 Your Spells              Type           Power        Failure   Level  Hunger
a - Apportation           Tloc           #####.       1%          1    None

Your spell library contained the following spells:

 Spells                   Type           Power        Failure   Level  Hunger
 Animate Skeleton         Necr           N/A          1%          1    None
 Confusing Touch          Hex            #####.       1%          1    None
 Magic Dart               Conj           ####         1%          1    None
 Pain                     Necr           ####         1%          1    None
 Sandblast                Erth           #####.       1%          1    None
 Blink                    Tloc           N/A          1%          2    None
 Call Imp                 Summ           #####...     1%          2    None
 Corpse Rot               Necr           N/A          1%          2    None
 Passwall                 Tmut/Erth      #####...     1%          2    None
 Poisonous Vapours        Pois/Air       #####.       1%          2    None
 Slow                     Hex            #####...     1%          2    None
 Sublimation of Blood     Necr           #####.....   1%          2    None
 Confuse                  Hex            #####...     1%          3    None
 Conjure Flame            Conj/Fire      #####...     1%          3    None
 Gell's Gravitas          Tloc           #####.....   1%          3    None
 Ignite Poison            Fire/Tmut/Pois #####...     1%          3    None
 Lesser Beckoning         Tloc           #####.....   1%          3    None
 Mephitic Cloud           Conj/Pois/Air  #####...     1%          3    None
 Recall                   Summ/Tloc      N/A          1%          3    None
 Regeneration             Chrm/Necr      #####.....   1%          3    None
 Stone Arrow              Conj/Erth      #####.       1%          3    None
 Vampiric Draining        Necr           #####.....   1%          3    None
 Animate Dead             Necr           N/A          1%          4    ##.....
 Petrify                  Tmut/Erth      #####...     1%          4    ##.....
 Irradiate                Conj/Tmut      #####.....   2%          5    ####...
 Agony                    Necr           #####...     3%          5    ####...
 Alistair's Intoxication  Tmut/Pois      #####...     3%          5    ####...
 Bolt of Draining         Conj/Necr      #####.....   3%          5    ####...
 Borgnjor's Vile Clutch   Necr/Erth      #####.....   3%          5    ####...
 Dispel Undead            Necr           #####...     3%          5    ####...
 Excruciating Wounds      Chrm/Necr      #####.....   3%          5    ####...
 Lee's Rapid Deconstruct  Erth           #####.....   3%          5    ####...
 Lightning Bolt           Conj/Air       #####.....   3%          5    ####...
 Metabolic Englaciation   Hex/Ice        #####.....   3%          5    ####...
 Yara's Violent Unravell  Hex/Tmut       #####.....   3%          5    ####...
 Death Channel            Necr           #####.....   19%         6    ######.
 Hydra Form               Tmut           #####.....   19%         6    ######.
 Simulacrum               Ice/Necr       #####.....   19%         6    ######.
 Statue Form              Tmut/Erth      #####....    19%         6    ######.
 Dragon Form              Tmut           #####.....   71%         7    #######
 Disjunction              Tloc           #####.....   100%        8    #######


Dungeon Overview and Level Annotations

Branches:
Dungeon (15/15)            Temple (1/1) D:6            Lair (6/6) D:11
 Shoals (4/4) Lair:2        Snake (4/4) Lair:4        Slime (0/5) Lair:6
    Orc (2/2) D:11            Elf (0/3) Orc:2        Vaults (5/5) D:14
  Crypt (0/3) Vaults:3     Depths (3/5) D:15        Volcano (visited)

Altars:
Ashenzari
Cheibriados
Dithmenos
Elyvilon
Fedhas
Gozag
Hepliaklqana
Kikubaaqudgha
Makhleb
Nemelex Xobeh
Okawaru
Qazlal
Ru
Sif Muna
Trog
Uskayaw
Vehumet
Wu Jian
Xom
Yredelemnul
Zin
The Shining One
Beogh
Jiyva

Shops:
D:5 %*?   D:10 %   D:15 :   Orc:2 *=([   Shoals:4 (   Vaults:2 *

Portals:
Hell: Depths:1 Depths:2
Abyss: Depths:2

Annotations:
Shoals:4 exclusion: oklob plant
Vaults:1 3 runed translucent doors, ragingrage's ghost, veteran HOFi


Innate Abilities, Weirdness & Mutations

Your experience applies equally to all skills.
You have very sharp teeth.
Your uncanny sense of smell can sniff out nearby items.
[You tend to lose your temper in combat.]
[You are very clumsy. (Dex -4)]
[You are very frail. (-20% HP)]
[You do not regenerate when monsters are visible.]
[Your spells are a little easier to cast, but a little less powerful.]


Message History

Something smites you!
* * * LOW HITPOINT WARNING * * *
You block the worldbinder's attack. The worldbinder completely misses you.
The meliai hits you with a cursed -2 war axe!
* * * LOW HITPOINT WARNING * * *
The meliai barely misses you. You block the meliai's attack.
The meliai closely misses you.
You feel better. The meliai hits you but does no damage.
You block the meliai's attack.
The worldbinder calls forth creatures from the Swamp!
The meliai completely misses you.
The meliai stings you but does no damage.
The hellephant breathes flames at you. The blast of flame misses you.
The meliai closely misses you. The meliai barely misses you.
You block the worldbinder's attack. The worldbinder barely misses you.
You feel better. The meliai misses you. You block the meliai's attack.
The meliai misses you. You block the meliai's attack.
You block the worldbinder's attack. x2; The hellephant tramples you!!
You die...

..#. Y .....v. . ∆
.. #.. #......
#..†# . ##.
##.###......#x..##
..%#......v....k..#
. .
#...#.v.#.....y.##
# . ##.###.#.#..##.
# #
#..R#...#...#.## .#
#..yxY..##.# .
##vy@x%##### #
###..## ####


You could see a hellephant, a rakshasa, 2 spatial vortices, a worldbinder, a
small abomination, 2 meliai and an insubstantial wisp.

Vanquished Creatures
  Saint Roka (Orc:2)
  Vashnia (Snake:3)
  3 golden dragons (Depths:2)
  A lich (Depths:1)
  Rupert (Lair:3)
  2 tentacled monstrosities
  Jorgrun (Orc:2)
  A tentacled starspawn (Abyss:3)
  A kraken (Shoals:1)
  2 sphinxes (Depths:2)
  A shadow dragon (Depths:2)
  2 tengu reavers
  3 storm dragons
  9 nagarajas
  The ghost of Kilet the Geomancer, an adept GrEE of Vehumet (D:14)
  4 fire giants (Depths:2)
  Ilsuiw (Shoals:4)
  An iron dragon (Depths:2)
  6 frost giants
  14 vault wardens
  Louise (Snake:3)
  A juggernaut zombie (Depths:2)
  A deep elf sorcerer (Vaults:4)
  9 ironheart preservers
  An orc warlord (Depths:2)
  Aizul (Snake:4)
  14 stone giants
  2 entropy weavers
  2 vampire knights
  3 very ugly things
  Nessos (Lair:4)
  2 deep elf annihilators
  Azrael (D:14)
  3 spark wasps (Depths:2)
  A minotaur (Lair:5)
  A red draconian (Volcano)
  The ghost of Twasazerg the Basher, a journeyman DsFi of Kikubaaqudgha (Lair:5)
  3 merfolk javelineers
  4 ettins
  4 fire dragons
  The ghost of KoboldVaak the Merchant of Misery, a journeyman KoNe of Kikubaaqudgha (Lair:3)
  2 rakshasas
  8 merfolk impalers
  5 great orbs of eyes
  7 ice dragons
  6 yaktaur captains
  3 vault guards (Vaults:1)
  11 hydras
  Harold (Lair:2)
  19 naga warriors
  2 merfolk avatars
  An anaconda (shapeshifter) (Vaults:2)
  61 two-headed ogres
  A spriggan air mage (Depths:2)
  A catoblepas (D:15)
  12 centaur warriors
  15 anacondas
  4 merfolk aquamancers
  An alligator (Shoals:3)
  14 ogre magi
  2 deep troll shamans
  Urug (Lair:6)
  3 alligator snapping turtles
  2 tengu warriors
  2 deep troll earth magi (Depths:2)
  4 hell hogs (Abyss:3)
  5 thrashing horrors (Abyss:3)
  A spriggan berserker (Depths:2)
  2 orc high priests
  24 naga sharpshooters
  A vampire mage (Depths:2)
  Sonja (D:12)
  12 shock serpents
  7 deep elf knights
  Nergalle (Lair:2)
  4 wretched stars (Abyss:3)
  A large abomination (Abyss:3)
  An iron troll (Depths:1)
  7 salamander mystics
  5 skeletal warriors (D:15)
  18 sea snakes
  2 unseen horrors
  A spatial maelstrom (Abyss:3)
  A glowing orange brain (Depths:2)
  2 shadow wraiths
  A sea snake (shapeshifter) (Vaults:3)
  7 naga ritualists
  4 wizards
  6 deep trolls
  3 deep elf archers (Vaults:4)
  16 harpies
  4 lindwurms
  A kraken simulacrum (Shoals:4)
  10 ironbrand convokers
  Pikel (D:4)
  11 orc knights
  A necromancer (Depths:2)
  An orb spider (shapeshifter) (Vaults:4)
  7 wolf spiders
  2 phantasmal warriors (Depths:2)
  56 ugly things
  9 deep elf magi
  13 mana vipers
  10 cyclopes
  8 orc sorcerers
  21 salamanders
  10 fauns
  10 elephants
  14 manticores
  7 vault sentinels
  16 merfolk sirens
  3 water nymphs (Shoals:3)
  2 centaur zombies
  10 guardian serpents
  32 black mambas
  An ice statue (Lair:6)
  2 guardian serpents (shapeshifter)
  A spiny frog (shapeshifter) (Depths:2)
  29 naga magi
  28 spiny frogs
  A gargoyle (D:15)
  A rime drake (shapeshifter) (D:14)
  A smoke demon (Abyss:3)
  A spriggan skeleton (Depths:2)
  A kobold demonologist (D:13)
  A komodo dragon (shapeshifter) (D:14)
  5 freezing wraiths
  An ice devil (Lair:6)
  8 komodo dragons
  33 yaktaurs
  2 ancient zymes (Abyss:3)
  A tengu conjurer (Depths:1)
  An efreet (D:14)
  A merfolk (shapeshifter) (D:15)
  26 merfolk
  3 meliai (Abyss:3)
  8 tyrant leeches
  A queen bee (Depths:2)
  2 jumping spiders
  4 hornets
  A meliai (shapeshifter) (Abyss:3)
  2 polar bears
  33 slime creatures
  The ghost of Heh the Skirmisher, an amateur OpGl (D:5)
  3 wind drakes
  5 trolls
  34 blink frogs
  14 hippogriffs
  8 snapping turtles
  A hippogriff (shapeshifter) (Depths:2)
  A wind drake (shapeshifter) (Depths:1)
  13 dream sheep
  4 raiju (Abyss:3)
  2 redbacks (Vaults:4)
  17 water elementals
  4 wyverns
  2 wraiths
  A hog (shapeshifter) (D:14)
  5 vampires
  3 fire elementals (D:14)
  A basilisk (shapeshifter) (Vaults:2)
  6 basilisks
  7 fire bats (Volcano)
  A steam dragon (D:11)
  36 yaks
  A golden eye (shapeshifter) (Vaults:3)
  2 hungry ghosts (D:13)
  16 vampire mosquitoes
  A chaos spawn (Abyss:3)
  A small abomination (Abyss:3)
  A spatial vortex (Abyss:3)
  A human zombie (Depths:2)
  4 wargs
  9 water moccasins
  An acid dragon (D:13)
  64 nagas
  10 porcupines
  3 hell hounds (D:14)
  33 orc warriors
  A slave (D:4)
  A hornet zombie (D:12)
  2 swamp drakes (Lair:4)
  11 ice beasts
  3 sky beasts
  3 phantoms
  7 necrophages
  42 ogres
  A spriggan simulacrum (Depths:2)
  7 starcursed masses (Abyss:3)
  4 wolves (Lair:3)
  2 eyes of draining
  20 centaurs
  16 crocodiles
  Blork the orc (D:5)
  4 big kobolds
  25 bullfrogs
  A glowing shapeshifter simulacrum (Depths:2)
  4 earth elementals (Abyss:3)
  A wyvern skeleton (D:12)
  A scorpion (D:12)
  A water moccasin skeleton (D:8)
  34 killer bees
  7 wights
  2 electric eels
  5 howler monkeys
  12 crimson imps
  2 bullfrog zombies (D:12)
  7 lava snakes
  9 hounds
  Crazy Yiuf (D:7)
  9 jellies
  3 quasits
  A bullfrog skeleton (D:10)
  26 orc priests
  4 centaur skeletons
  Jessica (D:2)
  2 iguanas
  27 orc wizards
  4 worker ants
  A hound zombie (D:5)
  2 hound skeletons
  A howler monkey zombie (D:8)
  2 worker ant zombies
  10 gnolls
  A howler monkey skeleton (D:7)
  7 adders
  An adder (shapeshifter) (Depths:2)
  3 shadow imps
  2 white imps
  2 oozes
  3 adder skeletons
  2 worms
  6 leopard geckos
  110 orcs
  A ball python (D:5)
  6 bats
  4 giant cockroaches
  2 goblins
  8 hobgoblins
  9 jackals
  4 quokkas
  4 frilled lizards
  A jackal zombie (D:6)
  9 kobolds
  A leopard gecko skeleton (D:6)
  2 quokka skeletons
  2 rats
  2 fungi (Lair:2)
  A plant (Lair:4)
  2 starspawn tentacles (Abyss:3)
  4 tentacles (Shoals:1)
1737 creatures vanquished.

Vanquished Creatures (others)
  2 nagarajas
  A stone giant (Depths:2)
  A vampire knight (Depths:2)
  A centaur warrior (Shoals:1)
  3 naga sharpshooters
  A lindwurm (Snake:4)
  A cyclops (Shoals:3)
  A faun (Shoals:2)
  A black mamba (Snake:3)
  An ugly thing (Depths:2)
  2 yaktaurs
  2 nagas (Snake:4)
  An orc warrior (Orc:2)
  4 centaurs
  2 orcs (D:11)
  21 fungi
  75 plants
  3 tentacles (Shoals:4)
  2 withered plants (Lair:3)
125 creatures vanquished.

Grand Total: 1862 creatures vanquished

Notes
Turn   | Place    | Note
-------+----------+-------------------------------------------
     0 | D:1      | Faca the Gnoll Wanderer began the quest for the Orb.
     0 | D:1      | Faca set off with the following items: a +0 mace, a +2
                  | scale mail, a ration; and the following spell memorised:
                  | Apportation; and the following spells available to
                  | memorise: Gell's Gravitas
     0 | D:1      | Reached XP level 1. HP: 13/13 MP: 4/4
    84 | D:1      | Reached XP level 2. HP: 19/19 MP: 5/5
    89 | D:1      | You fall into a shaft and drop 1 floor!
   796 | D:2      | Noticed Jessica
   809 | D:2      | Killed Jessica
   809 | D:2      | Reached skill level 1 in Invocations
   809 | D:2      | Reached XP level 3. HP: 13/25 MP: 7/7
  1059 | D:2      | Reached skill level 1 in Fighting
  1059 | D:2      | Reached skill level 1 in Short Blades
  1059 | D:2      | Reached skill level 1 in Long Blades
  1059 | D:2      | Reached skill level 1 in Axes
  1059 | D:2      | Reached skill level 1 in Polearms
  1059 | D:2      | Reached skill level 1 in Staves
  1059 | D:2      | Reached skill level 1 in Slings
  1059 | D:2      | Reached skill level 1 in Bows
  1059 | D:2      | Reached skill level 1 in Crossbows
  1059 | D:2      | Reached skill level 1 in Dodging
  1059 | D:2      | Reached skill level 1 in Stealth
  1059 | D:2      | Reached skill level 1 in Shields
  1059 | D:2      | Reached skill level 1 in Unarmed Combat
  1059 | D:2      | Reached XP level 4. HP: 32/32 MP: 8/8
  1389 | D:3      | Found a stormy altar of Qazlal.
  1410 | D:3      | Reached skill level 1 in Hexes
  1410 | D:3      | Reached skill level 1 in Charms
  1410 | D:3      | Reached skill level 1 in Summonings
  1410 | D:3      | Reached skill level 1 in Necromancy
  1410 | D:3      | Reached skill level 1 in Translocations
  1410 | D:3      | Reached skill level 1 in Fire Magic
  1410 | D:3      | Reached skill level 1 in Ice Magic
  1410 | D:3      | Reached skill level 1 in Air Magic
  1410 | D:3      | Reached skill level 1 in Earth Magic
  1410 | D:3      | Reached skill level 1 in Poison Magic
  1448 | D:3      | Reached XP level 5. HP: 37/37 MP: 9/9
  1969 | D:3      | Found a sacrificial altar of Ru.
  1970 | D:3      | Found a white marble altar of Elyvilon.
  1970 | D:3      | Found a radiant altar of Vehumet.
  1971 | D:3      | Found a glowing silver altar of Zin.
  2210 | D:4      | Noticed an ogre
  2219 | D:4      | Killed an ogre
  2219 | D:4      | Reached XP level 6. HP: 16/44 MP: 9/11
  2598 | D:4      | Reached XP level 7. HP: 50/50 MP: 12/12
  2775 | D:4      | Found a white marble altar of Elyvilon.
  3044 | D:4      | Found an ancient bone altar of Kikubaaqudgha.
  3047 | D:4      | Found a blossoming altar of Fedhas.
  3250 | D:5      | Entered Level 5 of the Dungeon
  3250 | D:5      | Noticed Blork the orc
  3363 | D:5      | Killed Blork the orc
  3558 | D:5      | Reached XP level 8. HP: 56/57 MP: 12/14
  3699 | D:5      | Noticed Heh's ghost (amateur OpGl)
  3716 | D:5      | Found a transporter.
  3718 | D:5      | Found a transporter.
  3737 | D:5      | Noticed Pikel
  4048 | D:4      | Killed Pikel
  4160 | D:5      | Found Mogoty's Assorted Antiques.
  4163 | D:5      | Found Tirrol's Magic Scroll Emporium.
  4164 | D:5      | Found Goupt's Food Shop.
  4176 | D:5      | Bought a puce potion for 31 gold pieces
  4176 | D:5      | Bought a scroll labeled YSTRUE LEAM for 35 gold pieces
  4653 | D:6      | Found a staircase to the Ecumenical Temple.
  4676 | D:6      | Reached XP level 9. HP: 57/65 MP: 16/16
  4691 | Temple   | Entered the Ecumenical Temple
  4708 | Temple   | Became a worshipper of Uskayaw the Reveler
  4811 | D:6      | Reached * piety under Uskayaw
  4895 | D:6      | Reached ** piety under Uskayaw
  5267 | D:6      | Reached skill level 5 in Spellcasting
  5606 | D:7      | Reached *** piety under Uskayaw
  5607 | D:7      | Reached skill level 5 in Maces & Flails
  5607 | D:7      | Reached skill level 5 in Throwing
  5607 | D:7      | Reached skill level 5 in Evocations
  6276 | D:7      | Found a runed translucent door.
  6277 | D:7      | Noticed Crazy Yiuf
  6313 | D:7      | Killed Crazy Yiuf
  6410 | D:7      | Reached **** piety under Uskayaw
  6414 | D:7      | Reached ***** piety under Uskayaw
  6939 | D:8      | Reached skill level 5 in Invocations
  7051 | D:8      | Reached XP level 10. HP: 57/73 MP: 18/18
  7081 | D:8      | Reached ****** piety under Uskayaw
  7082 | D:8      | Reached skill level 5 in Fighting
  7082 | D:8      | Reached skill level 5 in Short Blades
  7082 | D:8      | Reached skill level 5 in Long Blades
  7082 | D:8      | Reached skill level 5 in Axes
  7082 | D:8      | Reached skill level 5 in Polearms
  7082 | D:8      | Reached skill level 5 in Staves
  7082 | D:8      | Reached skill level 5 in Slings
  7082 | D:8      | Reached skill level 5 in Bows
  7082 | D:8      | Reached skill level 5 in Crossbows
  7082 | D:8      | Reached skill level 5 in Dodging
  7082 | D:8      | Reached skill level 5 in Stealth
  7082 | D:8      | Reached skill level 5 in Shields
  7082 | D:8      | Reached skill level 5 in Unarmed Combat
  7231 | D:8      | Noticed a two-headed hydra
  7234 | D:8      | Killed a one-headed hydra
  7234 | D:8      | Reached skill level 10 in Armour
  7411 | D:8      | Reached skill level 5 in Conjurations
  7411 | D:8      | Reached skill level 5 in Transmutations
  8464 | D:10     | Entered Level 10 of the Dungeon
  8739 | D:10     | Reached XP level 11. HP: 72/81 MP: 20/20
  8789 | D:10     | Found Lisiuq's Food Shop.
  8963 | D:10     | Killed an unseen horror
  8963 | D:10     | Reached skill level 5 in Hexes
  8963 | D:10     | Reached skill level 5 in Charms
  8963 | D:10     | Reached skill level 5 in Summonings
  8963 | D:10     | Reached skill level 5 in Necromancy
  8963 | D:10     | Reached skill level 5 in Translocations
  8963 | D:10     | Reached skill level 5 in Fire Magic
  8963 | D:10     | Reached skill level 5 in Ice Magic
  8963 | D:10     | Reached skill level 5 in Air Magic
  8963 | D:10     | Reached skill level 5 in Earth Magic
  8963 | D:10     | Reached skill level 5 in Poison Magic
  9089 | D:11     | Noticed a six-headed hydra
  9103 | D:11     | Killed a six-headed hydra
  9522 | D:11     | Noticed an orc knight
  9551 | D:10     | Killed an orc knight
  9883 | D:11     | Found a staircase to the Orcish Mines.
  9925 | D:11     | Found a roughly hewn altar of Beogh.
 10258 | D:11     | Noticed a cyan ugly thing
 10261 | D:11     | Found a staircase to the Lair.
 10579 | D:11     | Killed a cyan ugly thing
 10658 | D:11     | Reached XP level 12. HP: 66/89 MP: 23/23
 10754 | D:11     | Found a shattered altar of Ashenzari.
 10784 | D:11     | Noticed a seven-headed hydra
 10796 | D:11     | Killed a two-headed hydra
 10884 | D:11     | Found a radiant altar of Vehumet.
 11138 | D:11     | Paralysed by a hornet for 1 turns
 11319 | Lair:1   | Entered Level 1 of the Lair of Beasts
 11772 | Lair:1   | You fall into a shaft and drop 1 floor!
 11789 | Lair:2   | Noticed Harold
 12588 | Lair:2   | Noticed Nergalle
 12608 | Lair:2   | Killed Nergalle
 12746 | Lair:2   | Found a staircase to the Shoals.
 12912 | Lair:2   | Killed Harold
 13294 | Lair:3   | Noticed Rupert
 13300 | Lair:3   | Paralysed by Rupert for 4 turns
 13311 | Lair:3   | Killed Rupert
 13721 | Lair:3   | Reached XP level 13. HP: 86/98 MP: 25/25
 13818 | Lair:3   | Found a runed translucent door.
 13818 | Lair:3   | Noticed KoboldVaak's ghost (journeyman KoNe)
 14714 | Lair:3   | Got an iridescent rapier
 14715 | Lair:3   | Identified the +7 rapier of Fragile Peace {pierce, rN++
                  | Dex+7} (You found it on level 3 of the Lair of Beasts)
 15039 | Lair:4   | Found a shimmering altar of Xom.
 15114 | Lair:4   | Noticed Nessos
 15903 | Lair:4   | Found a staircase to the Snake Pit.
 15915 | Lair:4   | Killed Nessos
 16591 | Lair:5   | Found a runed translucent gate.
 16591 | Lair:5   | Found a runed translucent gate.
 16591 | Lair:5   | Found a runed translucent gate.
 16595 | Lair:5   | Got a heavily runed cloak
 16606 | Lair:5   | Identified the cursed -2 cloak "Voanash" {+Blink rElec}
                  | (You found it on level 5 of the Lair of Beasts)
 16607 | Lair:5   | Noticed a minotaur
 16609 | Lair:5   | Noticed Twasazerg's ghost (journeyman DsFi)
 16718 | Lair:5   | Identified the +6 plate armour of Vexation {Str+3 Slay+2}
                  | (You found it on level 5 of the Lair of Beasts)
 17388 | Lair:6   | Entered Level 6 of the Lair of Beasts
 17621 | Lair:6   | Reached XP level 14. HP: 77/106 MP: 27/27
 17914 | Lair:6   | Noticed Urug
 18207 | Lair:6   | Found a viscous altar of Jiyva.
 18207 | Lair:6   | Found a staircase to the Slime Pits.
 18365 | Lair:6   | Killed Urug
 18598 | Lair:6   | Reached skill level 10 in Invocations
 19729 | D:5      | Killed Heh's ghost
 19873 | Orc:1    | Entered Level 1 of the Orcish Mines
 19953 | Orc:1    | Noticed a stone giant
 19964 | Orc:1    | Killed a stone giant
 20005 | Orc:1    | Noticed a stone giant
 20280 | Orc:1    | Killed a stone giant
 20725 | Orc:2    | Entered Level 2 of the Orcish Mines
 20725 | Orc:2    | Found a staircase to the Elven Halls.
 20780 | Orc:2    | Reached XP level 15. HP: 102/114 MP: 28/28
 20827 | Orc:2    | Found a dark tunnel.
 20835 | Volcano  | Entered a volcano
 20902 | Volcano  | Reached skill level 10 in Spellcasting
 21010 | Volcano  | Reached skill level 10 in Maces & Flails
 21010 | Volcano  | Reached skill level 10 in Throwing
 21010 | Volcano  | Reached skill level 10 in Evocations
 21036 | Volcano  | Found a radiant altar of Vehumet.
 21119 | Volcano  | Found a radiant altar of Vehumet.
 21289 | Orc:2    | Noticed Saint Roka
 21532 | Orc:2    | Killed Saint Roka
 22164 | Orc:2    | Found a roughly hewn altar of Beogh.
 22169 | Orc:2    | Found Urijin's General Store.
 22297 | Orc:2    | Found Fogan's Antique Weapon Boutique.
 22311 | Orc:2    | Found Kunnye's Antique Armour Boutique.
 22327 | Orc:2    | Found Qeergh's Jewellery Boutique.
 22335 | Orc:2    | Bought a cursed ring of teleportation for 76 gold pieces
 22471 | Orc:2    | Noticed Jorgrun
 22485 | Orc:2    | Killed Jorgrun
 22485 | Orc:2    | Reached skill level 10 in Fighting
 22485 | Orc:2    | Reached skill level 10 in Short Blades
 22485 | Orc:2    | Reached skill level 10 in Long Blades
 22485 | Orc:2    | Reached skill level 10 in Axes
 22485 | Orc:2    | Reached skill level 10 in Polearms
 22485 | Orc:2    | Reached skill level 10 in Staves
 22485 | Orc:2    | Reached skill level 10 in Slings
 22485 | Orc:2    | Reached skill level 10 in Bows
 22485 | Orc:2    | Reached skill level 10 in Crossbows
 22485 | Orc:2    | Reached skill level 10 in Dodging
 22485 | Orc:2    | Reached skill level 10 in Stealth
 22485 | Orc:2    | Reached skill level 10 in Shields
 22485 | Orc:2    | Reached skill level 10 in Unarmed Combat
 23041 | D:12     | Found a glowing golden altar of the Shining One.
 23226 | D:12     | Identified a scroll of acquirement
 23235 | D:12     | Got a crude ruby amulet
 23236 | D:12     | Identified the amulet of Contentment {Harm *Drain rC-
                  | Str+4} (You acquired it on level 12 of the Dungeon)
 23305 | D:12     | Noticed Sonja
 23312 | D:12     | Killed Sonja
 24687 | D:14     | Noticed Azrael
 24701 | D:14     | Killed Azrael
 25168 | D:14     | Reached XP level 16. HP: 103/122 MP: 30/30
 25184 | D:14     | Found a gate to the Vaults.
 25284 | D:14     | Found an iron altar of Okawaru.
 25442 | D:14     | Found a runed translucent gate.
 25442 | D:14     | Found a runed translucent gate.
 25442 | D:14     | Found a runed translucent gate.
 25443 | D:14     | Noticed Kilet's ghost (adept GrEE)
 26027 | Shoals:1 | Entered Level 1 of the Shoals
 26287 | Shoals:1 | Noticed a kraken
 26298 | Shoals:1 | Killed a kraken
 28791 | Shoals:3 | Reached XP level 17. HP: 68/131 MP: 32/32
 29644 | Shoals:4 | Entered Level 4 of the Shoals
 29644 | Shoals:4 | Found a white marble altar of Elyvilon.
 30358 | Shoals:4 | Found Meucru's Weapon Emporium.
 30409 | Shoals:4 | Noticed Ilsuiw
 30430 | Shoals:4 | Killed Ilsuiw
 30796 | Shoals:4 | Got a barnacled rune of Zot
 31034 | Shoals:4 | Reached skill level 10 in Conjurations
 31034 | Shoals:4 | Reached skill level 10 in Transmutations
 31676 | Lair:5   | Killed Twasazerg's ghost
 31844 | Lair:3   | Killed KoboldVaak's ghost
 31987 | Snake:1  | Entered Level 1 of the Snake Pit
 32304 | Snake:1  | Reached skill level 10 in Hexes
 32304 | Snake:1  | Reached skill level 10 in Charms
 32304 | Snake:1  | Reached skill level 10 in Summonings
 32304 | Snake:1  | Reached skill level 10 in Necromancy
 32304 | Snake:1  | Reached skill level 10 in Translocations
 32304 | Snake:1  | Reached skill level 10 in Fire Magic
 32304 | Snake:1  | Reached skill level 10 in Ice Magic
 32304 | Snake:1  | Reached skill level 10 in Air Magic
 32304 | Snake:1  | Reached skill level 10 in Earth Magic
 32304 | Snake:1  | Reached skill level 10 in Poison Magic
 32513 | Snake:1  | Reached XP level 18. HP: 122/139 MP: 34/34
 34670 | Snake:3  | Noticed Vashnia
 35991 | Snake:3  | Killed Vashnia
 36843 | Snake:3  | Noticed Louise
 36888 | Snake:3  | Killed Louise
 37099 | Snake:4  | Entered Level 4 of the Snake Pit
 37520 | Snake:4  | Reached XP level 19. HP: 140/147 MP: 35/35
 38521 | Snake:4  | Noticed Aizul
 38536 | Snake:4  | Killed Aizul
 40221 | Snake:4  | Got a serpentine rune of Zot
 40677 | D:15     | Entered Level 15 of the Dungeon
 40699 | D:15     | Found Cestacwydev's Book Boutique.
 41050 | D:15     | Got a heavily runed brass ring
 41051 | D:15     | Identified the ring of Hiclaeno {-Tele rPois rC+ EV+5
                  | Dex+5} (You found it on level 15 of the Dungeon)
 41112 | D:15     | Found a viscous altar of Jiyva.
 41259 | D:15     | Reached XP level 20. HP: 133/155 MP: 37/37
 41460 | D:15     | Found a staircase to the Depths.
 41463 | D:15     | Reached skill level 15 in Armour
 41751 | D:14     | Killed Kilet's ghost
 41768 | D:14     | Identified the +10 war axe of the Bear {elec, Int+4} (You
                  | found it on level 14 of the Dungeon)
 41771 | D:14     | Got a scorched buckler
 41772 | D:14     | Identified the +0 buckler of Yhemnof {Str+2} (You acquired
                  | it on level 14 of the Dungeon)
 41824 | Vaults:1 | Entered Level 1 of the Vaults
 42632 | Vaults:1 | Paralysed by a great orb of eyes for 4 turns
 42829 | Vaults:1 | Found a runed translucent gate.
 42829 | Vaults:1 | Found a runed translucent gate.
 42829 | Vaults:1 | Found a runed translucent gate.
 42831 | Vaults:1 | Noticed ragingrage's ghost (veteran HOFi)
 42832 | Vaults:1 | Found an iron altar of Okawaru.
 43401 | Vaults:2 | Found Simu's General Store.
 43410 | Vaults:2 | Bought a scroll of enchant weapon for 105 gold pieces
 43410 | Vaults:2 | Bought a scroll of identify for 28 gold pieces
 43699 | Vaults:2 | Reached XP level 21. HP: 163/163 MP: 38/38
 44002 | Vaults:2 | Identified the +8 rapier "Eqeguiqe" {drain, rElec Int+4}
                  | (You found it on level 2 of the Vaults)
 44337 | Vaults:2 | Identified the +9 flail of Responsibility {protect, Str+2
                  | Int-2 Dex+2} (You found it on level 2 of the Vaults)
 44732 | Vaults:2 | Identified the cursed +0 ring mail "Taeg" {rC+} (You found
                  | it on level 2 of the Vaults)
 45033 | Vaults:3 | Found an ancient bone altar of Kikubaaqudgha.
 45144 | Vaults:3 | Reached skill level 15 in Invocations
 45824 | Vaults:3 | Found a staircase to the Crypt.
 46267 | Vaults:4 | Reached XP level 22. HP: 112/172 MP: 40/40
 47213 | Vaults:5 | Entered Level 5 of the Vaults
 47399 | D:15     | Bought a manual of Dodging for 1435 gold pieces
 47442 | Depths:1 | Entered Level 1 of the Depths
 47454 | Depths:1 | Found a gateway to Hell.
 47597 | Depths:1 | You fall into a shaft and drop 1 floor!
 48024 | Depths:2 | Noticed a golden dragon
 48033 | Depths:2 | Killed a golden dragon
 48214 | Depths:2 | Found a runed translucent door.
 48229 | Depths:2 | Noticed a golden dragon
 48265 | Depths:2 | HP: 4/173 [golden dragon/bolt of fire (36)]
 48266 | Depths:2 | Killed a golden dragon
 48888 | Depths:2 | Identified Betwaiff's Handbook of Displaced Air
 49065 | Depths:2 | Found a one-way gate to the infinite horrors of the Abyss.
 49088 | Depths:2 | Noticed a golden dragon
 49180 | Depths:2 | Killed a golden dragon
 49180 | Depths:2 | Reached skill level 15 in Dodging
 49408 | Depths:2 | Reached XP level 23. HP: 162/179 MP: 41/41
 50172 | Depths:2 | Reached skill level 15 in Spellcasting
 50215 | Depths:2 | Reached skill level 15 in Maces & Flails
 50215 | Depths:2 | Reached skill level 15 in Throwing
 50215 | Depths:2 | Reached skill level 15 in Evocations
 51062 | Depths:2 | Found the +1 cloak of Starlight {rElec rC+ EV+4 Stlth--}
 51408 | Depths:3 | Cast into level 3 of the Abyss (spriggan defender)
 51568 | Abyss:3  | Reached skill level 15 in Fighting
 51568 | Abyss:3  | Reached skill level 15 in Short Blades
 51568 | Abyss:3  | Reached skill level 15 in Long Blades
 51568 | Abyss:3  | Reached skill level 15 in Axes
 51568 | Abyss:3  | Reached skill level 15 in Polearms
 51568 | Abyss:3  | Reached skill level 15 in Staves
 51568 | Abyss:3  | Reached skill level 15 in Slings
 51568 | Abyss:3  | Reached skill level 15 in Bows
 51568 | Abyss:3  | Reached skill level 15 in Crossbows
 51568 | Abyss:3  | Reached skill level 15 in Stealth
 51568 | Abyss:3  | Reached skill level 15 in Shields
 51568 | Abyss:3  | Reached skill level 15 in Unarmed Combat
 51755 | Abyss:3  | Got an abyssal rune of Zot
 51765 | Abyss:3  | HP: 5/144 [meliai/cursed -2 war axe (8)]
 51767 | Abyss:3  | Slain by a hellephant

Levels and vault maps discovered:
D:1:      lightli_arrival_noodles, layout_loops_ring
D:2:      layout_basic, first_ration, kennysheep_jessica_study, uniq_jessica
D:3:      layout_loops_ring, minitemple, nicolae_qazlal_general_emergency
D:4:      layout_loops_ring, grunt_temple_overflow_growth_and_decay,
          elyvilon_altar_5
D:5:      layout_cave_pools, gammafunk_ghost_hive, serial_shops, shop_coins,
          shop, shop, uniq_pikel, uniq_blork_the_orc
D:6:      layout_cave_pods, minmay_temple_entry_arrows
D:7:      layout_layer_cave, uniq_crazy_yiuf_cottage
D:8:      layout_loops_ring, hangedman_ranch [blue_anna_fruit_fields],
          kennysheep_small_spiral, serial_bayou_pond_c
D:9:      layout_loops_cross, minivault_26
D:10:     layout_basic, serial_shops, kennysheep_mini
D:11:     layout_roguey [special_room_orc], minmay_lair_entry_grove,
          hiddenorc2_lemuel, basic_altar, hangedman_glass_teeth,
          nicolae_ashenzari_panopticon
D:12:     layout_cave_pools, basic_altar, uniq_sonja
D:13:     layout_basic, grunt_decor_fettered, hangedman_abyss_or_decor_clamps,
          onia_ninara_dug_in_and_dangerous
D:14:     layout_gridville, david_vaults_4, gammafunk_ghost_hydra_chop,
          serial_park_avenue1, okawaru_ov_weapons_minmay, uniq_azrael
D:15:     hangedman_depths_entry_try_elsewhere_first, layout_gridville,
          serial_shops, nicolae_shop_behind_doors,
          minmay_misc_feat_secret_circle, jiyva_altar_1
Temple:   lightli_temple_of_artemis
Lair:1:   layout_long_grid, serial_bayou_shore_a
Lair:2:   layout_chaotic_city, shoals_dummy_entry, lemuel_fruit_tree,
          uniq_nergalle, uniq_harold
Lair:3:   layout_gridlike, gammafunk_ghost_grave, roderic_carrion_pond,
          uniq_rupert
Lair:4:   layout_regular_city, minmay_snake_entry_guardpost_small, basic_altar,
          pond, uniq_nessos
Lair:5:   layout_hall_layers, maelrawn_ghost_gauntlet_escape
Lair:6:   minmay_lair_end_frog_pond, layout_gridlike, slime_altar_1,
          columned_hall_lemuel, ice2_lemuel, uniq_urug
Shoals:1: layout_shoals, centaur_isle
Shoals:2: layout_shoals, ldierk_geyser
Shoals:3: layout_shoals, nicolae_shoals_siren_and_animal_friends
Shoals:4: shoals_end_grunt_ice, layout_shoals, shoal_ilsuiw, serial_shops,
          nicolae_shop_trees, lemuel_oklob_altar
Snake:1:  layout_onion
Snake:2:  layout_rooms, nicolae_snake_serpentine_hallways
Snake:3:  layout_cave_pods, uniq_louise, uniq_vashnia
Snake:4:  snake_pit_salamanders_mu, layout_basic, uniq_aizul
Orc:1:    layout_caves
Orc:2:    grunt_orc_cross, layout_caves, lightli_volcano_entry_magma_tube,
          uniq_jorgrun, uniq_saint_roka
Vaults:1: gammafunk_vaults_ghost_fury_of_okawaru, v_alt_pattern_5,
          nicolae_vaults_little_squares_4, nicolae_vaults_little_squares_4,
          layout_vaults_big_room
Vaults:2: v_rooms_2, v_misc_32, vaults_dpeg_ring, v_misc_5,
          nicolae_vaults_network_quinsquares
          [nicolae_vaults_network_quincunx_subvault,
          nicolae_vaults_network_quincunx_subvault,
          nicolae_vaults_network_quincunx_subvault,
          nicolae_vaults_network_quincunx_subvault],
          vaults_room_mumra_shop_pool, nicolae_vaults_network_s, st_diamondy,
          layout_vaults_omnigrid
Vaults:3: nicolae_vaults_theta, hangedman_vaults_slice,
          nicolae_vaults_yaktaur_gun_rack, minmay_crypt_entry_vampire_xt,
          nicolae_vaults_what_the_h, vaults_mumra_hexcomb,
          ontoclasm_vaults_twist, vaults_room_door_hall, hangedman_vaults_slice,
          ontoclasm_vaults_loading_screen, layout_vaults_omnicross, basic_altar
Vaults:4: v_misc_8, nicolae_vaults_alarming, v_misc_4, v_misc_12, v_misc_31,
          hangedman_vaults_trim, vaults_room_hallway, ontoclasm_vaults_spin,
          vaults_room_door_ring, vaults_room_pool, vaults_dpeg_hooks,
          hangedman_vaults_corner_blocks, layout_vaults_maze_snakey
Vaults:5
Depths:1: layout_cave_shapes, hangedman_coc_ice_floe, kennysheep_generic_room_6
Depths:2: box_level_dp, abyss_entry, hell_entry
Depths:3: wad_statue_garden, layout_small_grid, serial_co_window_serial,
          co_window_corner_a, co_window_of_opportunity_a, co_window_paths_a,
          co_window_of_opportunity_a, co_window_corner_a, co_window_cross_1,
          co_window_paths_b, co_window_broadway_a, glass_columns_b,
          glass_columns_a, glass_columns_c, glass_columns_b,
          grunt_pan_entry_spiral, hell_entry
Abyss:3:  evilmike_abyss_rune_ettins, evilmike_abyss_rune_ettins,
          hangedman_abyss_mock_shop, hangedman_stitches_earthworm,
          grunt_abyss_rune_wretched_hive, grunt_abyss_rune_wretched_hive

Skill      XL: |  1  2  3  4  5  6  7  8  9 10 11 12 13 14 15 16 17 18 19 20 21 22 23 |
---------------+----------------------------------------------------------------------+-----
Conjurations   | 2 3 4 5 6 7 8 9 10 11 12 13 | 13.1
Transmutations | 2 3 4 5 6 7 8 9 10 11 12 13 | 13.1
Invocations    | 1 2 3 4 5 6 7 8 9 10 11 12 13 14 15 16 | 16.2
Fighting       | 1 2 3 4 5 6 7 8 9 10 11 12 13 14 15 | 15.0
Short Blades   | 1 2 3 4 5 6 7 8 9 10 11 12 13 14 15 | 15.0
Long Blades    | 1 2 3 4 5 6 7 8 9 10 11 12 13 14 15 | 15.0
Axes           | 1 2 3 4 5 6 7 8 9 10 11 12 13 14 15 | 15.0
Polearms       | 1 2 3 4 5 6 7 8 9 10 11 12 13 14 15 | 15.0
Staves         | 1 2 3 4 5 6 7 8 9 10 11 12 13 14 15 | 15.0
Slings         | 1 2 3 4 5 6 7 8 9 10 11 12 13 14 15 | 15.0
Bows           | 1 2 3 4 5 6 7 8 9 10 11 12 13 14 15 | 15.0
Crossbows      | 1 2 3 4 5 6 7 8 9 10 11 12 13 14 15 | 15.0
Dodging        | 1 2 3 4 5 6 7 8 9 10 11 12 13 14 15 | 15.7
Stealth        | 1 2 3 4 5 6 7 8 9 10 11 12 13 14 15 | 15.0
Shields        | 1 2 3 4 5 6 7 8 9 10 11 12 13 14 15 | 15.0
Unarmed Combat | 1 2 3 4 5 6 7 8 9 10 11 12 13 14 15 | 15.0
Spellcasting   | 3 4 5 6 7 8 9 10 11 12 13 14 15 | 15.2
Hexes          | 1 2 3 4 5 6 7 8 9 10 11 12 | 12.9
Charms         | 1 2 3 4 5 6 7 8 9 10 11 12 | 12.9
Summonings     | 1 2 3 4 5 6 7 8 9 10 11 12 | 12.9
Necromancy     | 1 2 3 4 5 6 7 8 9 10 11 12 | 12.9
Translocations | 1 2 3 4 5 6 7 8 9 10 11 12 | 12.9
Fire Magic     | 1 2 3 4 5 6 7 8 9 10 11 12 | 12.9
Ice Magic      | 1 2 3 4 5 6 7 8 9 10 11 12 | 12.9
Air Magic      | 1 2 3 4 5 6 7 8 9 10 11 12 | 12.9
Earth Magic    | 1 2 3 4 5 6 7 8 9 10 11 12 | 12.9
Poison Magic   | 1 2 3 4 5 6 7 8 9 10 11 12 | 12.9
Maces & Flails | 3 4 5 6 7 8 9 10 11 12 13 14 15 | 15.2
Throwing       | 3 4 5 6 7 8 9 10 11 12 13 14 15 | 15.2
Evocations     | 3 4 5 6 7 8 9 10 11 12 13 14 15 | 15.2
Armour         | 9 10 11 12 13 14 15 16 | 16.7

Action                   |  1- 3 |  4- 6 |  7- 9 | 10-12 | 13-15 | 16-18 | 19-21 | 22-24 || total
-------------------------+-------+-------+-------+-------+-------+-------+-------+-------++-------
Melee: Mace              |    73 |    15 |       |       |       |       |       |       ||    88
       Bite              |     5 |    15 |    45 |    88 |   208 |   238 |   267 |   168 ||  1034
       Spear             |       |    18 |       |       |       |       |       |       ||    18
       Flail             |       |   118 |   412 |   318 |       |       |       |       ||   848
       Hand axe          |       |       |       |    20 |       |       |       |       ||    20
       War axe           |       |       |       |   209 |    40 |       |       |       ||   249
       Rapier            |       |       |       |       |  1007 |  1179 |  1200 |   849 ||  4235
Throw: Boomerang         |       |       |       |     4 |     8 |    39 |    13 |     2 ||    66
Invok: Stomp             |       |       |       |       |       |     2 |     1 |       ||     3
       Grand Finale      |       |       |       |       |       |       |       |     2 ||     2
 Abil: Evoke Flight      |       |       |       |       |       |     2 |       |       ||     2
Evoke: Wand              |       |       |       |     7 |    21 |       |       |       ||    28
  Use: Scroll            |       |     9 |    10 |     7 |    13 |     5 |    10 |     6 ||    60
       Potion            |       |       |       |     1 |     5 |     3 |       |     9 ||    18
 Stab: Paralysed         |       |       |     9 |    54 |    76 |   109 |   142 |    93 ||   483
       Sleeping          |       |       |       |     5 |     5 |       |    12 |     5 ||    27
       Distracted        |       |       |       |     2 |       |       |     2 |       ||     4
  Eat: Chunk             |       |     7 |    22 |    21 |    40 |    42 |    16 |    12 ||   160
       Ration            |       |       |       |       |       |       |     1 |     2 ||     3
Armor: Scale mail        |    38 |    69 |   263 |   301 |    68 |       |       |       ||   739
       Plate armour      |       |       |       |       |   277 |   371 |   212 |   132 ||   992
Dodge: Dodged            |    59 |    76 |   306 |   386 |   429 |   433 |   391 |   416 ||  2496
Block: Buckler           |     4 |    38 |   124 |   176 |   169 |       |       |       ||   511
       Shield            |       |       |       |       |   278 |   789 |   605 |   497 ||  2169
       Reflection        |       |       |       |       |    26 |   132 |    81 |    28 ||   267
